 Dungeon Crawl Stone Soup version 0.30-a0-743-gbfdf073431 (webtiles) character file.

Game seed: 14651447629792616728

106 sircluck the Shooter (level 4, -6/23 HPs)
             Began as a Spriggan Hunter on Feb 7, 2023.
             Killed by nerve-wracking pain
             ... invoked by Grinder
              (14 damage)
             ... on level 3 of the Dungeon.
             The game lasted 00:05:42 (1790 turns).

sircluck the Shooter (Spriggan Hunter)              Turns: 1790, Time: 00:05:43

Health: -6/23      AC:  6    Str:  7    XL:     4   Next: 55%
Magic:  5/5        EV: 18    Int: 10    God:
Gold:   192        SH:  0    Dex: 20    Spells: 3/3 levels left

rFire   . . .      SeeInvis +    a - +0 shortbow
rCold   . . .      Faith    .    (shield currently unavailable)
rNeg    . . .      Spirit   .    c - +0 robe
rPois   .          Reflect  .    (helmet restricted)
rElec   .          Harm     +    p - scarf {harm}
rCorr   .          Rampage  .    (gloves unavailable)
Will    .....                    (boots unavailable)
Stlth   ++                       (no amulet)
HPRegen 0.23/turn                j - +4 ring of protection
MPRegen 0.09/turn                h - ring of see invisible

@: very quick
A: very small, no large weapons, unfitting armour, see invisible, speed 3
a: no special abilities


You were on level 3 of the Dungeon.
You visited 1 branch of the dungeon, and saw 3 of its levels.

You collected 192 gold pieces.

Inventory:

Hand Weapons
 a - a +0 shortbow (weapon)
Missiles
 l - 40 stones
Armour
 c - a +0 robe (worn)
 e - a +2 pair of boots
 i - a +0 helmet
 p - a scarf of harm (worn)
Jewellery
 h - a ring of see invisible (right hand)
 j - a +4 ring of protection (left hand)
Wands
 s - a wand of flame (6)
Scrolls
 b - a scroll of immolation
 d - 2 scrolls of blinking {unknown}
 f - a scroll of noise {unknown}
 m - 2 scrolls of identify {unknown}
 n - a scroll of poison {unknown}
 q - 2 scrolls of enchant armour {unknown}
Potions
 g - 2 potions of cancellation {unknown}
 k - a potion of brilliance {unknown}
 o - 3 potions of heal wounds {unknown}
 r - a potion of berserk rage {unknown}
 t - a potion of lignification {unknown}


   Skills:
 + Level 2.2 Fighting
 + Level 5.5 Ranged Weapons
 + Level 3.0 Dodging
 + Level 1.8 Stealth


You had 3 spell levels left.
You didn't know any spells.
Your spell library was empty.

Dungeon Overview and Level Annotations

Branches:
Dungeon (3/15)

Altars:

Annotations:
D:3 Grinder


Innate Abilities, Weirdness & Mutations

You are very small and have problems with some larger weapons.
You are too small for most types of armour.
You have supernaturally acute eyesight. (SInv)
You cover ground extremely quickly. (Speed+++)


Message History

Grinder says, "FISH!"
There is a stone staircase leading down here.
Grinder grins, showing sharp teeth.
Grinder gestures at you. Pain shoots through your body!
Ouch! That really hurt!
Grinder gestures at you.
You suddenly lose the ability to move!
Grinder blinks!
You can move again.
Grinder gestures at you.
You suddenly lose the ability to move!
Grinder blinks! x2
You can move again.
You start resting.
Grinder is nearby!
You shoot an arrow. The arrow closely misses Grinder.
Grinder gestures at you.
You suddenly lose the ability to move!
You can move again.
You shoot an arrow. The arrow closely misses Grinder.
Grinder blinks!
You shoot an arrow. The arrow hits Grinder.
Grinder is moderately wounded.
You shoot an arrow.
The arrow hits Grinder but does no damage.
Grinder is moderately wounded.
Grinder blinks!
Grinder gestures at you.
You suddenly lose the ability to move!
You can move again.
You shoot an arrow. The arrow closely misses Grinder.
You shoot an arrow. The arrow closely misses Grinder.
Grinder blinks!
You shoot an arrow. The arrow hits Grinder.
Grinder is moderately wounded.
You shoot an arrow. The arrow barely misses Grinder.
Grinder hits you!
You writhe in agony.
Grinder misses you. Grinder gestures at you. Pain shoots through your body!
Ouch! That really hurt!
You die...

##.............#
#.ยง.##########.#
+............#.#
#...########.#5#
#...# #.#.# #...#
###.#.# #...#
#...#.# #...#
#.###.# #...# #.#
#@# ##.## #.# #.#
#.# #.# #.#
#.#######.###.#
#.#...........#
#.#.#####.#####
#.# #.# ####.#
#.# )....# #.#


You could see Grinder.

Vanquished Creatures
  Terence (D:3)
  3 worms (D:2)
  4 dart slugs
  An orc (D:2)
  4 ball pythons
  10 endoplasms
  2 giant cockroaches
  6 goblins
  6 hobgoblins
  4 jackals
  2 quokkas
  5 bats
  3 frilled lizards
  4 kobolds
  5 rats
60 creatures vanquished.

Notes
Turn   | Place    | Note
-------+----------+-------------------------------------------
     0 | D:1      | sircluck the Spriggan Hunter began the quest for the Orb.
     0 | D:1      | Reached XP level 1. HP: 10/10 MP: 2/2
    35 | D:1      | Reached XP level 2. HP: 14/14 MP: 3/3
   298 | D:1      | You fall into a shaft and drop 1 floor!
   311 | D:2      | Found a faded altar of an unknown god.
   375 | D:2      | Reached XP level 3. HP: 18/18 MP: 4/4
   442 | D:2      | Reached skill level 5 in Ranged Weapons
   949 | D:2      | Reached XP level 4. HP: 21/23 MP: 5/5
  1251 | D:3      | Noticed Terence
  1434 | D:3      | Killed Terence
  1711 | D:3      | Noticed Grinder
  1745 | D:3      | Paralysed by Grinder for 3 turns
  1753 | D:3      | Paralysed by Grinder for 4 turns
  1769 | D:3      | Paralysed by Grinder for 3 turns
  1777 | D:3      | Paralysed by Grinder for 2 turns
  1790 | D:3      | Killed from afar by Grinder

Illustrated notes

Levels and vault maps discovered:
D:1:      mrwooster_arrival_statue_3, layout_rooms
D:2:      minmay_thinvault, layout_basic, chequers_ecumenical_altar_island,
          guppyfry_early_lair_pool
D:3:      layout_basic, uniq_terence, uniq_grinder

Skill      XL: |  1  2  3 |
---------------+----------+-----
Ranged Weapons | 5 |  5.5
Dodging        | 3 |  3.0
Fighting       | 2 |  2.2
Stealth        | |  1.8

Action                     |  1- 3 |  4- 6 || total
---------------------------+-------+-------++-------
   Fire: Shortbow          |   121 |    52 ||   173
 Armour: Robe              |    13 |     1 ||    14
  Dodge: Dodged            |    36 |    14 ||    50

Table legend: (Time is in decaauts)
 A = Elapsed time spent in this place.
 B = Non-inter-level travel time spent in this place.
 C = Inter-level travel time spent in this place.
 D = Time resting spent in this place.
 E = Time spent auto-exploring this place.
 F = Levels seen in this place.
 G = Mean time per level.
                   A        B        C        D        E       F      G
               +--------+--------+--------+--------+--------+-----+--------+
         Total |   1292 |   1245 |     47 |     77 |    735 |   3 |  430.7 |
       Dungeon |   1292 |   1245 |     47 |     77 |    735 |   3 |  430.7 |
               +--------+--------+--------+--------+--------+-----+--------+

Top non-repeatable levels by time:
     D:2: 618 daAuts
     D:3: 458 daAuts
     D:1: 215 daAuts
